 Dungeon Crawl Stone Soup version 0.21.1-1-g345015fe64 (webtiles) character file.

876 Gargoyl the Skirmisher (level 7, 0/60 HPs)
             Began as a Centaur Abyssal Knight on Mar 30, 2018.
             Was a Believer of Lugonu.
             Slain by a wyvern (14 damage)
             ... on level 5 of the Dungeon.
             The game lasted 00:08:51 (5757 turns).

Gargoyl the Skirmisher (Centaur Abyssal Knight)     Turns: 5757, Time: 00:08:52

Health: 0/60       AC: 12    Str: 15    XL:     7   Next: 74%
Magic:  16/19      EV:  4    Int: 11    God:    Lugonu [**....]
Gold:   222        SH:  3    Dex: 10    Spells: 6/6 levels left

rFire    . . .     SeeInvis .   a - +2 hand axe
rCold    + . .     Gourm    .   h - +0 buckler
rNeg     . . .     Faith    .   f - +3 chain mail
rPois    .         Spirit   .   (no helmet)
rElec    .         Reflect  .   (no cloak)
rCorr    .         Harm     .   e - +0 pair of gloves
MR       .....                  (no barding)
Stlth    ..........             r - amulet of rage
HPRegen  0.20/turn              b - ring of protection from cold
MPRegen  0.16/turn              n - ring of magical power

@: very quick
A: large, hooves 3, deformed body, speed 2, tough skin 3
a: Depart the Abyss, Bend Space, Renounce Religion, Evoke Berserk Rage


You were on level 5 of the Dungeon.
You worshipped Lugonu.
Lugonu was pleased with you.
You were not hungry.

You visited 1 branch of the dungeon, and saw 5 of its levels.
You visited the Abyss 1 time.

You collected 222 gold pieces.

Inventory:

Hand Weapons
 a - a +2 hand axe (weapon)
Missiles
 k - 5 javelins (quivered)
Armour
 e - a +0 pair of gloves (worn)
 f - a +3 chain mail (worn)
 h - a +0 buckler (worn)
Jewellery
 b - a ring of protection from cold (left hand)
 n - a ring of magical power (right hand)
 r - an amulet of rage (around neck)
 t - an uncursed ring of fire
Scrolls
 d - 3 scrolls of identify
 i - a scroll of magic mapping {unknown}
 m - a scroll of remove curse
 p - a scroll of fear
 s - a scroll of fog
Potions
 g - 2 potions of curing {unknown}
 j - 2 potions of heal wounds {unknown}
 l - a potion of flight {unknown}
 o - a potion of brilliance {unknown}
 q - 2 potions of ambrosia {unknown}
 u - 2 potions of mutation {unknown}
Books
 v - a book of Misfortune

   Spells                             Type                      Level
   a - Confusing Touch                Hexes                        1
   b - Confuse                        Hexes                        3
   c - Gell's Gravitas                Translocation                3
   d - Petrify                        Transmutation/Earth          4
   e - Metabolic Englaciation         Hexes/Ice                    5
   f - Yara's Violent Unravelling     Hexes/Transmutation          5
Comestibles
 c - 6 rations


   Skills:
 + Level 4.5 Fighting
 + Level 4.5 Axes
 + Level 1.0 Throwing
 * Level 3.9 Armour
 + Level 1.1 Dodging
 + Level 0.8 Shields
 * Level 4.2 Invocations
 + Level 0.4 Evocations


You had 6 spell levels left.
You didn't know any spells.

Dungeon Overview and Level Annotations

Branches:
Dungeon (5/15)
 Temple: D:4-7

Altars:
Elyvilon
Okawaru
Vehumet


Innate Abilities, Weirdness & Mutations

You have hooves in place of feet.
Armour fits poorly on your strangely shaped body.
You cover ground very quickly.
You have extremely tough skin. (AC +3)


Message History

The ogre is moderately wounded.
The ogre hits you with a giant club!!
* * * LOW HITPOINT WARNING * * *
Press: ? - help, Shift-Dir - straight line, f - ogre
Aim: an ogre, wielding a giant club (moderately wounded, chance to defeat MR: 83%)
The ogre barely resists.
You feel somewhat more hungry.
You can no longer banish your foes.
Okay, then.
Unknown command.
Okay, then.
A wyvern comes into view.
The wyvern hisses angrily.
The wyvern moves out of view.
You see here a scroll of immolation.
Found an escape hatch in the ceiling.
The wyvern barely misses you.
You closely miss the wyvern. Your kick misses the wyvern.
The wyvern bites you but does no damage.
The wyvern bites you!
You die...

.# .# # #### ..
... ... # #.##
....#. #..#####
......# #......
.<....l######
#...###
#.@..?.#
###.### #
######O####...#
#......###
###O..##
#....##
#..##..#####
....#
##.....###
...## #####...#
.... ###..


You could see a wyvern and an ogre.

Vanquished Creatures
  Sigmund (D:4)
  3 ogres
  2 orc priests
  A hound (D:4)
  A centaur skeleton (D:4)
  2 orc wizards (D:4)
  An iguana (D:5)
  2 worker ants
  12 adders
  A shadow imp (D:2)
  An ooze (D:2)
  An adder skeleton (D:4)
  4 worms
  A dart slug (D:2)
  3 leopard geckos
  11 orcs
  A ball python (D:2)
  5 giant cockroaches
  11 goblins
  2 hobgoblins (D:1)
  3 jackals
  5 kobolds
  10 bats
  6 frilled lizards
  A leopard gecko skeleton (D:5)
  9 rats
100 creatures vanquished.

Notes
Turn   | Place    | Note
-------+----------+-------------------------------------------
     0 | Abyss:1  | Gargoyl the Centaur Abyssal Knight began the quest for the Orb.
     0 | Abyss:1  | Reached XP level 1. HP: 19/19 MP: 2/2
    32 | Abyss:1  | Noticed a large abomination
    46 | Abyss:1  | Noticed a large abomination
    59 | Abyss:1  | Noticed a raiju
    60 | Abyss:1  | Noticed a small abomination
    61 | Abyss:1  | Noticed a tormentor
    99 | Abyss:1  | Found a corrupted altar of Lugonu.
   131 | Abyss:2  | Found a corrupted altar of Lugonu.
   191 | D:1      | Escaped the Abyss
   695 | D:1      | Reached XP level 2. HP: 26/26 MP: 3/3
   870 | D:1      | Reached * piety under Lugonu
  1368 | D:2      | Reached XP level 3. HP: 27/31 MP: 4/4
  1546 | D:2      | Found a radiant altar of Vehumet.
  2066 | D:2      | Reached XP level 4. HP: 40/40 MP: 5/5
  2579 | D:3      | Found an iron altar of Okawaru.
  2915 | D:3      | Reached ** piety under Lugonu
  3409 | D:4      | Noticed an ogre
  3411 | D:4      | Noticed an ogre
  3659 | D:3      | Killed an ogre
  3659 | D:3      | Reached XP level 5. HP: 25/46 MP: 7/7
  3848 | D:4      | Killed an ogre
  3848 | D:4      | Reached XP level 6. HP: 6/52 MP: 8/8
  4386 | D:4      | Noticed Sigmund
  4409 | D:4      | Killed Sigmund
  4409 | D:4      | Reached XP level 7. HP: 53/60 MP: 9/9
  4504 | D:4      | Reached skill level 1 in Dodging
  5434 | D:5      | Entered Level 5 of the Dungeon
  5477 | D:5      | Reached *** piety under Lugonu
  5496 | D:5      | Found a white marble altar of Elyvilon.
  5547 | D:5      | Reached skill level 1 in Throwing
  5753 | D:5      | Noticed a wyvern
  5757 | D:5      | Slain by a wyvern

Skill      XL: |  1  2  3  4  5  6  7 |
---------------+----------------------+-----
Axes           | 2 3 4 |  4.5
Armour         | 2 3 |  3.9
Invocations    | 3 4 |  4.2
Fighting       | 4 |  4.5
Dodging        | 1 |  1.1
Throwing       | 1 |  1.0
Shields        | |  0.8
Evocations     | |  0.4

Action                   |  1- 3 |  4- 6 |  7- 9 || total
-------------------------+-------+-------+-------++-------
Melee: Hand axe          |   107 |   122 |   115 ||   344
       Kick              |    18 |    16 |    18 ||    52
Throw: Javelin           |       |     1 |     3 ||     4
Invok: Depart the Abyss  |     1 |       |       ||     1
       Banish            |       |       |     1 ||     1
 Abil: Evoke Berserk Rag |       |     2 |       ||     2
  Use: Scroll            |     3 |     7 |     1 ||    11
  Eat: Chunk             |     1 |     4 |     3 ||     8
       Ration            |     1 |     1 |       ||     2
Armor: Chain mail        |   103 |   104 |    78 ||   285
Dodge: Dodged            |    22 |    23 |    25 ||    70
Block: Buckler           |     6 |    20 |     8 ||    34
